| TOP OF THE 1ST |
|
Tampa Bay Rays batting - Pitching for Arizona Diamondbacks : RHP Pancho Escobar
|
|
Pitching: RHP Pancho Escobar
|
|
|
Batting: RHB Bobby Davenport
|
0-0: Ball 1-0: Called Strike 1-1: Ball 2-1: SINGLE (Line Drive, 5D, EV 97.5 MPH)
|
|
Batting: SHB Osvaldo Leme
|
0-0: Ball 1-0: Fly out, F8 (Flyball, 8RS, EV 93.1 MPH)
|
|
Batting: RHB Ismael Ramírez
|
0-0: SINGLE (Groundball, 6MD, EV 110.0 MPH) Bobby Davenport to second
|
|
Batting: LHB Dan Mitchell
|
0-0: Ball 1-0: Foul Ball, location: 3FF 1-1: Grounds into double play, 1-6-3 (Groundball, 13S, EV 71.9 MPH)
|
| Top of the 1st over - 0 runs, 2 hits, 0 errors, 1 left on base; Tampa Bay 0 - Arizona 0 |
| BOTTOM OF THE 1ST |
|
Arizona Diamondbacks batting - Pitching for Tampa Bay Rays : RHP Chuck Bowers
|
|
Pitching: RHP Chuck Bowers
|
|
|
Batting: SHB Johnny McConnell
|
0-0: SINGLE (Flyball, 6MD, EV 92.5 MPH)
|
|
Batting: LHB Toshikuni Kondo
|
0-0: Called Strike Johnny McConnell steals 2nd base 0-1: Ground out U3 (Groundball, 34S, EV 89.4 MPH) Johnny McConnell to third
|
|
Batting: LHB José Silva
|
0-0: Called Strike 0-1: Ball 1-1: Foul Ball, location: 23FF 1-2: Strikes out looking
|
|
Batting: LHB Jorge Aguilar
|
0-0: Swinging Strike 0-1: Ball 1-1: Ball 2-1: Fly out, F9 (Flyball, 9, EV 91.9 MPH)
|
| Bottom of the 1st over - 0 runs, 1 hit, 0 errors, 1 left on base; Tampa Bay 0 - Arizona 0 |
| TOP OF THE 2ND |
|
Tampa Bay Rays batting - Pitching for Arizona Diamondbacks : RHP Pancho Escobar
|
|
Batting: RHB Dave Lacy
|
0-0: Ball 1-0: Called Strike 1-1: Ball 2-1: SINGLE (Groundball, 34D, EV 104.4 MPH)
|
|
Batting: RHB Enrico Vázquez
|
0-0: Bunt missed! 0-1: Bunted foul 0-2: SINGLE (Groundball, 6MS, EV 70.6 MPH) (infield hit) Dave Lacy to second
|
|
Batting: LHB Joey Bowen
|
0-0: Ball Dave Lacy is caught stealing 3rd base 2-5 Enrico Vázquez to second 1-0: Ball 2-0: Swinging Strike 2-1: Ball 3-1: Base on Balls
|
|
Batting: RHB Jesús Pacheco
|
0-0: Ball 1-0: TRIPLE (Flyball, 8LXD, EV 100.6 MPH) Enrico Vázquez scores Joey Bowen scores
|
|
Batting: RHB Adrian Rondon
|
0-0: Ball 1-0: Ground out 6-3 (Groundball, 6S, EV 63.8 MPH) Jesús Pacheco scores
|
|
Batting: RHB Bobby Davenport
|
0-0: Ball 1-0: Foul Ball, location: 9LSF 1-1: Ball 2-1: Ball 3-1: Base on Balls
|
|
Batting: SHB Osvaldo Leme
|
0-0: Called Strike 0-1: Called Strike 0-2: Foul Ball, location: 2F 0-2: DOUBLE (Line Drive, 7LS, EV 97.5 MPH) Bobby Davenport to third Runner from 3rd tries for Home, SAFE, no throw by LF
|
|
Batting: RHB Ismael Ramírez
|
0-0: Ball 1-0: Ball 2-0: Ball 3-0: Base on Balls
|
|
Batting: LHB Dan Mitchell
|
0-0: Ball 1-0: Ball 2-0: Ball 3-0: Called Strike 3-1: 3-RUN HOME RUN (Flyball, 78XD, EV 96.9 MPH), Distance : 388 ft
|
|
Pitching: RHP Theron Chapman
|
|
|
Batting: RHB Dave Lacy
|
0-0: Foul Ball, location: 9LMF 0-1: Foul Ball, location: 2F 0-2: Ball 1-2: Foul Ball, location: 9LSF 1-2: Ball 2-2: Fly out, F2 (Popup, 2R, EV 91.9 MPH)
|
| Top of the 2nd over - 7 runs, 5 hits, 0 errors, 0 left on base; Tampa Bay 7 - Arizona 0 |
| BOTTOM OF THE 2ND |
|
Arizona Diamondbacks batting - Pitching for Tampa Bay Rays : RHP Chuck Bowers
|
|
Batting: RHB Terrell Joyce
|
0-0: Ball 1-0: Called Strike 1-1: Swinging Strike 1-2: SINGLE (Line Drive, 9S, EV 107.5 MPH)
|
|
Batting: RHB Derek Briggs
|
0-0: Called Strike 0-1: Foul Ball, location: 2F 0-2: Ball 1-2: Grounds into double play, 6-4-3 (Groundball, 6, EV 84.4 MPH)
|
|
Batting: LHB Richard Urena
|
0-0: Ball 1-0: Foul Ball, location: 23FF 1-1: Ball 2-1: SINGLE (Groundball, 6MD, EV 95.6 MPH)
|
|
Batting: SHB Christopher Torres
|
0-0: Ground out 1-3 (Groundball, P, EV 73.8 MPH)
|
| Bottom of the 2nd over - 0 runs, 2 hits, 0 errors, 1 left on base; Tampa Bay 7 - Arizona 0 |
| TOP OF THE 3RD |
|
Tampa Bay Rays batting - Pitching for Arizona Diamondbacks : RHP Theron Chapman
|
|
Batting: RHB Enrico Vázquez
|
0-0: Ball 1-0: Ground out 5-3 (Groundball, 56, EV 85.6 MPH)
|
|
Batting: LHB Joey Bowen
|
0-0: Ball 1-0: Ball 2-0: Ground out 4-3 (Groundball, 34D, EV 100.0 MPH)
|
|
Batting: RHB Jesús Pacheco
|
0-0: Called Strike 0-1: Ground out 6-3 (Groundball, 56, EV 82.5 MPH)
|
| Top of the 3rd over - 0 runs, 0 hits, 0 errors, 0 left on base; Tampa Bay 7 - Arizona 0 |
| BOTTOM OF THE 3RD |
|
Arizona Diamondbacks batting - Pitching for Tampa Bay Rays : RHP Chuck Bowers
|
|
Batting: LHB Ron Hamilton
|
0-0: Called Strike 0-1: Ball 1-1: Swinging Strike 1-2: Foul Ball, location: 7LDF 1-2: Foul Ball, location: 7LSF 1-2: Strikes out swinging
|
|
Batting: SHB Johnny McConnell
|
0-0: Ball 1-0: Called Strike 1-1: Fly out, F8 (Flyball, 8LM, EV 99.4 MPH)
|
|
Batting: LHB Toshikuni Kondo
|
0-0: Called Strike 0-1: Called Strike 0-2: Ball 1-2: Ground out 4-3 (Groundball, 4, EV 86.9 MPH)
|
| Bottom of the 3rd over - 0 runs, 0 hits, 0 errors, 0 left on base; Tampa Bay 7 - Arizona 0 |
| TOP OF THE 4TH |
|
Tampa Bay Rays batting - Pitching for Arizona Diamondbacks : RHP Theron Chapman
|
|
Batting: RHB Adrian Rondon
|
0-0: Ball 1-0: Called Strike 1-1: Ball 2-1: Ball 3-1: Ground out 4-3 (Groundball, 4, EV 91.9 MPH)
|
|
Batting: RHB Bobby Davenport
|
0-0: Ball 1-0: Ball 2-0: Fly out, F7 (Line Drive, 7, EV 86.3 MPH)
|
|
Batting: SHB Osvaldo Leme
|
0-0: Ball 1-0: Fly out, F9 (Line Drive, 9, EV 94.4 MPH)
|
| Top of the 4th over - 0 runs, 0 hits, 0 errors, 0 left on base; Tampa Bay 7 - Arizona 0 |
| BOTTOM OF THE 4TH |
|
Arizona Diamondbacks batting - Pitching for Tampa Bay Rays : RHP Chuck Bowers
|
|
Batting: LHB José Silva
|
0-0: Called Strike 0-1: Fly out, F5 (Popup, 5F, EV 71.9 MPH)
|
|
Batting: LHB Jorge Aguilar
|
0-0: Foul Ball, location: 5F 0-1: Ball 1-1: Ball 2-1: Foul Ball, location: 7LDF 2-2: Strikes out swinging
|
|
Batting: RHB Terrell Joyce
|
0-0: Called Strike 0-1: Ball 1-1: Ball 2-1: Swinging Strike 2-2: SINGLE (Groundball, 34D, EV 110.6 MPH)
|
|
Batting: RHB Derek Briggs
|
0-0: Ball 1-0: Called Strike 1-1: Swinging Strike 1-2: SINGLE (Groundball, 4MD, EV 93.8 MPH) Terrell Joyce to second Runner from 2nd tries for 3rd, SAFE, throw by CF made at trailing runner, OUT! 8-3-6
|
| Bottom of the 4th over - 0 runs, 2 hits, 0 errors, 1 left on base; Tampa Bay 7 - Arizona 0 |
| TOP OF THE 5TH |
|
Tampa Bay Rays batting - Pitching for Arizona Diamondbacks : RHP Theron Chapman
|
|
Pitching: RHP Sean Thomas
|
|
|
Batting: RHB Ismael Ramírez
|
0-0: Ball 1-0: Called Strike 1-1: Swinging Strike 1-2: Ball 2-2: Foul Ball, location: 2F 2-2: Strikes out swinging
|
|
Batting: LHB Dan Mitchell
|
0-0: Foul Ball, location: 2F 0-1: Ball 1-1: Foul Ball, location: 23F 1-2: Fly out, F8 (Line Drive, 8RD, EV 97.5 MPH)
|
|
Batting: RHB Dave Lacy
|
0-0: Called Strike 0-1: Foul Ball, location: 5DF 0-2: Foul Ball, location: 3SF 0-2: SINGLE (Groundball, 34D, EV 100.6 MPH)
|
|
Batting: RHB Enrico Vázquez
|
0-0: Swinging Strike 0-1: Fielders Choice at 2nd, 6-4 (Groundball, 6, EV 90.6 MPH)
|
| Top of the 5th over - 0 runs, 1 hit, 0 errors, 1 left on base; Tampa Bay 7 - Arizona 0 |
| BOTTOM OF THE 5TH |
|
Arizona Diamondbacks batting - Pitching for Tampa Bay Rays : RHP Chuck Bowers
|
|
Batting: LHB Richard Urena
|
0-0: Ball 1-0: Foul Ball, location: 5F 1-1: Ball 2-1: Ball 3-1: Called Strike 3-2: SINGLE (Line Drive, 78M, EV 93.1 MPH)
|
|
Batting: SHB Christopher Torres
|
0-0: Ball 1-0: Ball Richard Urena steals 2nd base (no throw) 2-0: Called Strike 2-1: Foul Ball, location: 5F 2-2: Foul Ball, location: 5SF 2-2: Foul Ball, location: 2F 2-2: Fly out, F7 (Flyball, 7LSF, EV 85.6 MPH)
|
|
Batting: LHB Ron Hamilton
|
0-0: Ball 1-0: Ball 2-0: Called Strike 2-1: Foul Ball, location: 23F 2-2: Foul Ball, location: 5SF 2-2: Foul Ball, location: 2F 2-2: Ball 3-2: Foul Ball, location: 2F 3-2: Base on Balls
|
|
Batting: SHB Johnny McConnell
|
0-0: Called Strike 0-1: Ball 1-1: Ground out 4-3 (Groundball, 4, EV 70.0 MPH) Richard Urena to third Ron Hamilton to second
|
|
Batting: LHB Toshikuni Kondo
|
0-0: Ball 1-0: SINGLE (Groundball, 34D, EV 104.4 MPH) Richard Urena scores Ron Hamilton to third Runner from 3rd tries for Home, SAFE, throw by RF to home Toshikuni Kondo to second
|
|
Batting: LHB José Silva
|
0-0: Called Strike 0-1: Foul Ball, location: 2F 0-2: Ball 1-2: Fly out, F7 (Line Drive, 7, EV 90.6 MPH)
|
| Bottom of the 5th over - 2 runs, 2 hits, 0 errors, 1 left on base; Tampa Bay 7 - Arizona 2 |
| TOP OF THE 6TH |
|
Tampa Bay Rays batting - Pitching for Arizona Diamondbacks : RHP Sean Thomas
|
|
Batting: LHB Joey Bowen
|
0-0: Ground out 6-3 (Groundball, 4MD, EV 96.3 MPH)
|
|
Batting: RHB Jesús Pacheco
|
0-0: Called Strike 0-1: Foul Ball, location: 9LSF 0-2: Foul Ball, location: 7LMF 0-2: Ball 1-2: Ball 2-2: Strikes out looking
|
|
Pitching: RHP Dan Edwards
|
|
|
Batting: RHB Adrian Rondon
|
0-0: Ball 1-0: Called Strike 1-1: Ground out 5-3 (Groundball, 56S, EV 82.5 MPH)
|
| Top of the 6th over - 0 runs, 0 hits, 0 errors, 0 left on base; Tampa Bay 7 - Arizona 2 |
| BOTTOM OF THE 6TH |
|
Arizona Diamondbacks batting - Pitching for Tampa Bay Rays : RHP Chuck Bowers
|
|
Batting: LHB Jorge Aguilar
|
0-0: Called Strike 0-1: SOLO HOME RUN (Flyball, 7D, EV 92.5 MPH), Distance : 361 ft
|
|
Batting: RHB Terrell Joyce
|
0-0: Foul Ball, location: 3F 0-1: Fly out, F9 (Flyball, 89M, EV 92.5 MPH)
|
|
Batting: RHB Derek Briggs
|
0-0: Ball 1-0: Ball 2-0: Called Strike 2-1: Ground out 6-3 (Groundball, 6S, EV 69.4 MPH)
|
|
Pitching: RHP Greg Strong
|
|
|
Batting: LHB Richard Urena
|
0-0: Ball 1-0: Ball 2-0: Ball 3-0: Called Strike 3-1: Swinging Strike 3-2: Foul Ball, location: 2F 3-2: Base on Balls
|
|
Batting: SHB Christopher Torres
|
0-0: Ball 1-0: Ball 2-0: Called Strike 2-1: Fielders Choice at 2nd, 6-4 (Groundball, 6, EV 65.0 MPH)
|
| Bottom of the 6th over - 1 run, 1 hit, 0 errors, 1 left on base; Tampa Bay 7 - Arizona 3 |
| TOP OF THE 7TH |
|
Tampa Bay Rays batting - Pitching for Arizona Diamondbacks : RHP Dan Edwards
|
|
Batting: RHB Bobby Davenport
|
0-0: Ground out 4-3 (Groundball, 4, EV 86.9 MPH)
|
|
Batting: SHB Osvaldo Leme
|
0-0: Called Strike 0-1: Fly out, F8 (Line Drive, 8RM, EV 103.8 MPH)
|
|
Batting: RHB Ismael Ramírez
|
0-0: Ball 1-0: Ball 2-0: Called Strike 2-1: Ball 3-1: Called Strike 3-2: SOLO HOME RUN (Flyball, 7D, EV 94.4 MPH), Distance : 361 ft
|
|
Batting: LHB Dan Mitchell
|
0-0: Foul Ball, location: 2F 0-1: Foul Ball, location: 7LDF 0-2: Strikes out swinging
|
| Top of the 7th over - 1 run, 1 hit, 0 errors, 0 left on base; Tampa Bay 8 - Arizona 3 |
| BOTTOM OF THE 7TH |
|
Arizona Diamondbacks batting - Pitching for Tampa Bay Rays : RHP Greg Strong
|
|
Batting: LHB Ron Hamilton
|
0-0: Foul Ball, location: 7LSF 0-1: Ball 1-1: SINGLE (Flyball, 7LS, EV 86.9 MPH)
|
|
Batting: SHB Johnny McConnell
|
0-0: Ball 1-0: SINGLE (Line Drive, 8RS, EV 95.0 MPH) Ron Hamilton to second
|
|
Pitching: LHP Cristopher Sanchez
|
|
|
Pinch Hitting: RHB Brett Lawrie
|
0-0: Called Strike 0-1: Fly out, F9 (Flyball, 9D, EV 108.1 MPH) Runner from 2nd tags up, SAFE at 3rd, no throw by RF
|
|
Batting: LHB José Silva
|
0-0: Called Strike 0-1: Hit by Pitch Johnny McConnell to second
|
|
Batting: LHB Jorge Aguilar
|
0-0: Called Strike 0-1: Swinging Strike 0-2: Strikes out looking
|
|
Batting: RHB Terrell Joyce
|
0-0: Called Strike 0-1: Ball 1-1: Ball 2-1: Foul Ball, location: 2F 2-2: Ground out U3 (Groundball, 13, EV 85.0 MPH)
|
| Bottom of the 7th over - 0 runs, 2 hits, 0 errors, 3 left on base; Tampa Bay 8 - Arizona 3 |
| TOP OF THE 8TH |
|
Tampa Bay Rays batting - Pitching for Arizona Diamondbacks : RHP Dan Edwards
|
|
Now at 1B: Josh Marshania
|
|
|
Batting: RHB Dave Lacy
|
0-0: Ball 1-0: Fly out, F1 (Line Drive, P, EV 66.3 MPH)
|
|
Batting: RHB Enrico Vázquez
|
0-0: Ball 1-0: Fly out, F3 (Popup, 3DF, EV 60.0 MPH)
|
|
Batting: LHB Joey Bowen
|
0-0: Fly out, F9 (Line Drive, 9, EV 102.5 MPH)
|
| Top of the 8th over - 0 runs, 0 hits, 0 errors, 0 left on base; Tampa Bay 8 - Arizona 3 |
| BOTTOM OF THE 8TH |
|
Arizona Diamondbacks batting - Pitching for Tampa Bay Rays : LHP Cristopher Sanchez
|
|
Batting: RHB Derek Briggs
|
0-0: Ball 1-0: Ball 2-0: Ball 3-0: Called Strike 3-1: Swinging Strike 3-2: DOUBLE (Flyball, 8LXD, EV 99.4 MPH)
|
|
Batting: LHB Richard Urena
|
0-0: Ball 1-0: Ball 2-0: Ball 3-0: Called Strike 3-1: Called Strike 3-2: Fly out, F6 (Popup, 6M, EV 61.9 MPH)
|
|
Pitching: RHP Nate Sandoval
|
|
|
Batting: SHB Christopher Torres
|
0-0: DOUBLE (Flyball, 78XD, EV 111.9 MPH) Derek Briggs scores
|
|
Batting: LHB Ron Hamilton
|
0-0: Foul Ball, location: 7LMF 0-1: Ball 1-1: Ground out 6-3 (Groundball, 6M, EV 87.5 MPH)
|
|
Batting: SHB Johnny McConnell
|
0-0: SINGLE (Line Drive, 9LM, EV 92.5 MPH) Christopher Torres to third Runner from 3rd tries for Home, SAFE, throw by RF to home
|
|
Pitching: RHP Héctor Saldaña
|
|
|
Batting: RHB Josh Marshania
|
0-0: Foul Ball, location: 5F 0-1: Ball 1-1: Called Strike 1-2: Ball 2-2: Strikes out swinging
|
| Bottom of the 8th over - 2 runs, 3 hits, 0 errors, 1 left on base; Tampa Bay 8 - Arizona 5 |
| TOP OF THE 9TH |
|
Tampa Bay Rays batting - Pitching for Arizona Diamondbacks : RHP Dan Edwards
|
|
Pitching: RHP Jorge Gonzáles
|
|
|
Batting: RHB Jesús Pacheco
|
0-0: Ball 1-0: Ball 2-0: Foul Ball, location: 9LSFF 2-1: Foul Ball, location: 7LDF 2-2: SINGLE (Groundball, 56, EV 81.9 MPH)
|
|
Batting: RHB Adrian Rondon
|
0-0: Ball 1-0: Called Strike 1-1: Ball 2-1: Ball 3-1: Grounds into double play, 6-4-3 (Groundball, 6M, EV 105.6 MPH)
|
|
Batting: RHB Bobby Davenport
|
0-0: Swinging Strike 0-1: Called Strike 0-2: Ground out 6-3 (Groundball, 6MD, EV 103.8 MPH)
|
| Top of the 9th over - 0 runs, 1 hit, 0 errors, 0 left on base; Tampa Bay 8 - Arizona 5 |
| BOTTOM OF THE 9TH |
|
Arizona Diamondbacks batting - Pitching for Tampa Bay Rays : RHP Héctor Saldaña
|
|
Batting: LHB José Silva
|
0-0: Ball 1-0: Ground out 4-3 (Groundball, 34D, EV 98.1 MPH)
|
|
Batting: LHB Jorge Aguilar
|
0-0: Ball 1-0: SINGLE (Line Drive, 8RS, EV 93.1 MPH)
|
|
Batting: RHB Terrell Joyce
|
0-0: Swinging Strike 0-1: Ball 1-1: Ball 2-1: Swinging Strike 2-2: Ball 3-2: Foul Ball, location: 9LMF 3-2: Foul Ball, location: 2F 3-2: Foul Ball, location: 2F 3-2: Strikes out swinging
|
|
Batting: RHB Derek Briggs
|
0-0: Called Strike 0-1: Ball 1-1: Ground out 5-3 (Groundball, 56S, EV 90.6 MPH)
|
| Bottom of the 9th over - 0 runs, 1 hit, 0 errors, 1 left on base; Tampa Bay 8 - Arizona 5 |
|